 Dungeon Crawl Stone Soup version 0.31-a0-183-g4352c244c2 (webtiles) character file.

Game seed: 2887785796163389562

24 Scrael the Firebug (level 3, 0/26 HPs)
             Began as a Hill Orc Fire Elementalist on June 22, 2023.
             Slain by a jackal (1 damage)
             ... on level 1 of the Dungeon.
             The game lasted 00:01:30 (303 turns).

Scrael the Firebug (Hill Orc Fire Elementalist)      Turns: 303, Time: 00:01:31

Health: 0/26       AC:  2    Str: 10    XL:     3   Next: 2%
Magic:  0/6        EV: 12    Int: 17    God:
Gold:   29         SH:  0    Dex: 11    Spells: 3/6 levels left

rFire   . . .        c - +0 spear
rCold   . . .        (no shield)
rNeg    . . .        a - +0 robe
rPois   .            (no helmet)
rElec   .            (no cloak)
rCorr   .            (no gloves)
SInv    .            (no boots)
Will    .....        (no amulet)
Stlth   ++           (no ring)
HPRegen 0.24/turn    (no ring)
MPRegen 0.10/turn

%: no passive effects
@: no status effects
A: no striking features
a: no special abilities


You were on level 1 of the Dungeon.
You visited 1 branch of the dungeon, and saw 1 of its levels.

You collected 29 gold pieces.

Inventory:

Hand Weapons
 c - a +0 spear (weapon)
Armour
 a - a +0 robe (worn)
Jewellery
 d - an amulet of guardian spirit
Scrolls
 f - a scroll of noise {unknown}
Potions
 b - a potion of magic
 e - a potion of lignification {unknown}


   Skills:
 - Level 0.4 Polearms
 + Level 1.5 Dodging
 + Level 1.5 Stealth
 + Level 2.0 Spellcasting
 + Level 1.0 Conjurations
 * Level 4.0 Fire Magic


You had 3 spell levels left.
You knew the following spells:

 Your Spells              Type           Power      Damage    Failure   Level
a - Foxfire               Conj/Fire      40%        2x1d6     7%          1
b - Scorch                Fire           30%        2d6       5%          2

Your spell library contained the following spells:

 Spells                   Type           Power      Damage    Failure   Level
 Inner Flame              Hex/Fire       8%         N/A       26%         3
 Volatile Blastmotes      Fire/Tloc      16%        2d11      26%         3
 Ozocubu's Armour         Ice            1%         N/A       50%         3
 Flame Wave               Conj/Fire      10%        2d6       56%         4
 Metabolic Englaciation   Hex/Ice        0%         N/A       99%         5
 Simulacrum               Ice/Necr       0%         N/A       100%        6


Dungeon Overview and Level Annotations

Branches:
Dungeon (1/15)

Altars:


Message History

The quokka closely misses you. The endoplasm misses you.
You hit the quokka.
The quokka is almost dead.
The quokka bites you but does no damage.
The quokka misses you.
Casting: Foxfire (safe; 8% risk of failure)
Confirm with . or Enter, or press ? or * to list all spells.
You conjure some foxfire!
The endoplasm freezes you.
You are frozen.
* * * LOW HITPOINT WARNING * * *
The quokka bites you.
* * * LOW HITPOINT WARNING * * *
The endoplasm attacks as you move away! The endoplasm closely misses you.
The foxfire hits the quokka but does no damage.
The quokka is almost dead.
The foxfire hits the quokka.
You kill the quokka!
Your Fire Magic skill increases to level 4!
You hit the endoplasm.
You kill the endoplasm!
You have reached level 3!
Your experience leads to an increase in your attributes!
Increase (S)trength, (I)ntelligence, or (D)exterity?
You feel clever. x2
You hit the rat.
You kill the rat!
The jackal closely misses you.
The jackal bites you but does no damage.
Your Spellcasting skill increases to level 2!
You hit the jackal.
The jackal is severely wounded.
The jackal bites you.
* * * LOW HITPOINT WARNING * * *
You barely miss the jackal.
The jackal is severely wounded.
The jackal bites you.
* * * LOW HITPOINT WARNING * * *
The jackal bites you.
You die...

. #...........†.....# ..
###.##...........##.###
...##...#######†..##.#.....
........# #...# #.....
........# #...##+#.....
........### #............
..........## #............
...........# #............
........#.@# #.......#####
........#†h# #.......#
........#..# #......)...#
###.#####..###..........#
#. #...##..........# #
#.#.##..........#
#.#)##..........#
#.#..#..........#
#.##.........


You could see a jackal.

Vanquished Creatures
  A dart slug (D:1)
  3 endoplasms (D:1)
  3 goblins (D:1)
  2 hobgoblins (D:1)
  3 quokkas (D:1)
  A ball python (D:1)
  A frilled lizard (D:1)
  3 kobolds (D:1)
  4 rats (D:1)
21 creatures vanquished.

Vanquished Creatures (others)
  35 foxfires (D:1)
35 creatures vanquished.

Grand Total: 56 creatures vanquished

Notes
Turn   | Place    | Note
-------+----------+-------------------------------------------
     0 | D:1      | Scrael the Hill Orc Fire Elementalist began the quest for
                  | the Orb.
     0 | D:1      | Reached XP level 1. HP: 14/14 MP: 3/3
   120 | D:1      | Reached XP level 2. HP: 20/20 MP: 0/4
   160 | D:1      | Learned a level 2 spell: Scorch
   300 | D:1      | Reached skill level 4 in Fire Magic
   301 | D:1      | Reached XP level 3. HP: 3/26 MP: 0/5
   303 | D:1      | HP: 1/26 [jackal (2)]
   303 | D:1      | Slain by a jackal

Illustrated notes

Levels and vault maps discovered:
D:1:      onia_arrival_mini_spirals, layout_basic, st_stairs_5

Skill      XL: |  1  2  3 |
---------------+----------+-----
Fire Magic     | 4 |  4.0
Spellcasting   | 2 |  2.0
Polearms       | |  0.4
Dodging        | |  1.5
Stealth        | |  1.5
Conjurations   | |  1.0

Action                     || total
---------------------------++-------
  Melee: Unarmed           ||     2
         Spear             ||    27
         Punch             ||     1
   Cast: Foxfire           ||    18
 Armour: Robe              ||     4
  Dodge: Dodged            ||    21

Table legend: (Time is in decaauts)
 A = Elapsed time spent in this place.
 B = Non-inter-level travel time spent in this place.
 C = Inter-level travel time spent in this place.
 D = Time resting spent in this place.
 E = Time spent auto-exploring this place.
 F = Levels seen in this place.
 G = Mean time per level.
                   A        B        C        D        E       F      G
               +--------+--------+--------+--------+--------+-----+--------+
         Total |    304 |    304 |      0 |      0 |    181 |   1 |  304.0 |
       Dungeon |    304 |    304 |      0 |      0 |    181 |   1 |  304.0 |
               +--------+--------+--------+--------+--------+-----+--------+

Top non-repeatable levels by time:
     D:1: 304 daAuts
